 Dungeon Crawl Stone Soup version 0.19.0-19-g8c6edcc (webtiles) character file.

343 Bluestream the Cudgeler (level 6, 0/56 HPs)
             Began as a Minotaur Fighter on Nov 13, 2016.
             Killed by divine providence
             ... invoked by an orc priest
              (9 damage)
             ... on level 4 of the Dungeon.
             The game lasted 00:03:13 (2630 turns).

Bluestream the Cudgeler (Minotaur Fighter)          Turns: 2630, Time: 00:03:14

Health: 0/56       AC:  9    Str: 21    XL:     6   Next: 31%
Magic:  0/5        EV:  7    Int:  5    God:
Gold:   126        SH:  9    Dex: 11    Spells: 0 memorised, 5 levels left

rFire  . . .     SeeInvis .     F - +1 flail (holy)
rCold  . . .     Gourm    .     s - +1 scale mail {rPois}
rNeg   . . .     Faith    .     c - +0 shield
rPois  +         Spirit   +     (helmet restricted)
rElec  .         Reflect  .     (no cloak)
rCorr  .         Harm     .     m - +0 pair of gloves
MR     .....                    (no boots)
Stlth  ..........               E - amulet of guardian spirit
                                (no ring)
                                q - ring of poison resistance

@: no status effects
A: retaliatory headbutt, horns 2
a: no special abilities


You were on level 4 of the Dungeon.
You were hungry.

You visited 1 branch of the dungeon, and saw 4 of its levels.

You collected 126 gold pieces.

Inventory:

Hand Weapons
 a - a +0 flail
 F - a +1 flail of holy wrath (weapon)
Armour
 b - a +0 scale mail
 c - a +0 shield (worn)
 m - a +0 pair of gloves (worn)
 s - a +1 scale mail of poison resistance (worn)
Jewellery
 q - a ring of poison resistance (left hand)
 z - an uncursed amulet of magic regeneration
 E - an amulet of guardian spirit (around neck)
Wands
 x - a wand of lightning (5/15)
Scrolls
 e - 3 scrolls of noise {unknown}
 g - 7 scrolls of identify {unknown}
 j - a scroll of remove curse {unknown}
 k - 3 scrolls of enchant weapon {unknown}
 n - 2 scrolls of immolation {unknown}
 o - a scroll of teleportation {unknown}
 r - 2 scrolls of enchant armour {unknown}
 t - a scroll of fear {unknown}
 v - 2 scrolls of blinking {unknown}
 y - 2 scrolls of magic mapping {unknown}
 C - a scroll of recharging {unknown}
Potions
 d - a potion of might
 i - a potion of cure mutation {unknown}
 l - 3 potions of agility {unknown}
 p - a potion of curing {unknown}
 w - a potion of brilliance {unknown}
 A - a potion of degeneration {unknown}
 B - a potion of berserk rage {unknown}
 D - a potion of cancellation {unknown}
Comestibles
 f - 4 bread rations
 h - 7 meat rations
 u - 2 slices of pizza


   Skills:
 + Level 5.1 Fighting
 * Level 6.0 Maces & Flails
 + Level 5.4 Armour
 - Level 3.6 Shields


You had 5 spell levels left.
You didn't know any spells.

Dungeon Overview and Level Annotations

Branches:
Dungeon (4/15)
 Temple: D:4-7

Altars:
Elyvilon
Qazlal


Innate Abilities, Weirdness & Mutations

You reflexively headbutt those who attack you in melee.
You have a pair of horns on your head.


Message History

The orc priest mumbles some strange prayers to Beogh against you.
Beogh smites you!
You hit the orc.
The orc is almost dead.
You block the orc's attack.
The orc priest calls down the wrath of Beogh upon you.
Beogh smites you! You block the orc's attack. The orc closely misses you.
Your scale mail prevents you from hitting the orc.
The orc is almost dead.
The orc priest mumbles some strange prayers to Beogh against you.
Beogh smites you!
* * * LOW HITPOINT WARNING * * *
The orc barely misses you. You furiously retaliate!
You headbutt the orc.
You see here a tomahawk.
The orc priest mumbles some strange prayers to Beogh against you.
Beogh smites you!
* * * LOW HITPOINT WARNING * * *
The orc priest calls down the wrath of Beogh upon you.
Beogh smites you!
You die...

#...o.#.#
#..<..#o#
#.....#o#
#.....#.#
#...>.#.#
#.....#o#
#.....#o# #####
#.# #...# #@#
#...# #.# #...#
#.# #...# #.#
#...##### #.#
#...[....
#.########..[####.
#............(###.
#########.....#...
#.###.#..#


You could see an orc priest and 3 orcs.

Vanquished Creatures
  An orc warrior (D:3)
  An ogre (D:4)
  Blork the orc (D:4)
  A worker ant (D:4)
  2 adders
  2 worms (D:3)
  3 leopard geckos
  4 orcs (D:3)
  4 giant cockroaches
  6 goblins
  4 hobgoblins
  6 jackals (D:3)
  2 quokkas
  2 ball pythons
  5 bats
  4 frilled lizards
  3 kobolds
  10 rats
61 creatures vanquished.

Notes
Turn   | Place    | Note
-------+----------+-------------------------------------------
     0 | D:1      | Bluestream the Minotaur Fighter began the quest for the Orb.
     0 | D:1      | Reached XP level 1. HP: 19/19 MP: 0/0
   220 | D:1      | Reached XP level 2. HP: 27/27 MP: 1/1
   247 | D:1      | Reached skill level 3 in Maces & Flails
   873 | D:2      | Found a stormy altar of Qazlal.
   932 | D:2      | Reached XP level 3. HP: 31/33 MP: 2/2
  1854 | D:3      | Noticed an orc warrior
  1870 | D:3      | Killed an orc warrior
  1870 | D:3      | Reached skill level 4 in Maces & Flails
  1870 | D:3      | Reached XP level 4. HP: 12/41 MP: 3/3
  1870 | D:3      | Reached XP level 5. HP: 13/47 MP: 4/4
  2143 | D:3      | Reached skill level 5 in Maces & Flails
  2286 | D:3      | Reached skill level 5 in Armour
  2322 | D:4      | Found a white marble altar of Elyvilon.
  2328 | D:4      | Noticed an ogre
  2338 | D:4      | Killed an ogre
  2338 | D:4      | Reached skill level 5 in Fighting
  2338 | D:4      | Reached XP level 6. HP: 14/56 MP: 5/5
  2567 | D:4      | Noticed Blork the orc
  2574 | D:4      | Killed Blork the orc
  2574 | D:4      | Reached skill level 6 in Maces & Flails
  2630 | D:4      | Killed from afar by an orc priest

Skill      XL: |  1  2  3  4  5  6 |
---------------+-------------------+-----
Maces & Flails | 3 4 5 6 |  6.0
Armour         | 4 5 |  5.4
Fighting       | 4 5 |  5.1
Shields        | |  3.6

Action                   |  1- 3 |  4- 6 || total
-------------------------+-------+-------++-------
Melee: Flail             |   116 |    61 ||   177
       Headbutt          |    16 |     8 ||    24
  Eat: Chunk             |     3 |     2 ||     5
Armor: Scale mail        |    54 |    27 ||    81
Dodge: Dodged            |    52 |    17 ||    69
Block: Shield            |    67 |    44 ||   111
